 Dungeon Crawl Stone Soup version 0.24-a0-59-gc4a3eeb (webtiles) character file.

Game seed: 14311363040286373356

1437 Dantiko the Grappler (level 8, 0/74 HPs)
             Began as a Troll Fighter on Feb 4, 2019.
             Slain by a gnoll sergeant
             ... wielding a +2 spear of chaos
              (1 damage)
             ... while petrified by a gnoll sergeant
             ... on level 5 of the Dungeon.
             The game lasted 00:11:32 (3306 turns).

Dantiko the Grappler (Troll Fighter)                Turns: 3306, Time: 00:11:33

Health: 0/74       AC:  6    Str: 25    XL:     8   Next: 45%
Magic:  7/7        EV:  1    Int:  7    God:
Gold:   183        SH:  0    Dex: 15    Spells: 7/7 levels left

rFire    . . .     SeeInvis .     - Unarmed
rCold    . . .     Gourm    +   b - +0 shield
rNeg     + + +     Faith    .   o - +0 robe "Iheniaf" {-Cast Int+3 Dex+4}
rPois    ∞         Spirit   .   (helmet restricted)
rElec    .         Reflect  .   (no cloak)
rCorr    .         Harm     .   (gloves unavailable)
MR       .....     NoCast   +   (boots unavailable)
Stlth    +.........             (no amulet)
HPRegen  0.62/turn              (no ring)
MPRegen  0.10/turn              (no ring)

@: lethally poisoned (0 -> 0), petrified, hasted
A: large, unfitting armour, claws 3, fast metabolism 3, gourmand, regeneration
1, shaggy fur 1, tough skin 3
a: no special abilities


You were on level 5 of the Dungeon.
You were full.

You visited 1 branch of the dungeon, and saw 5 of its levels.

You collected 183 gold pieces.

Inventory:

Missiles
 e - 222 stones
 k - 2 tomahawks (quivered)
 s - 3 javelins
Armour
 a - a +0 robe
 b - a +0 shield (worn)
 o - the +0 robe "Iheniaf" (worn) {-Cast Int+3 Dex+4}
   (You found it on level 4 of the Dungeon)

   It affects your intelligence (+3).
   It affects your dexterity (+4).
   It prevents spellcasting.
Scrolls
 g - 4 scrolls of teleportation {unknown}
 h - 5 scrolls of remove curse {unknown}
 i - 9 scrolls of identify
 q - a scroll of enchant weapon {unknown}
 r - a scroll of immolation {unknown}
 t - a scroll of fog {unknown}
 u - a scroll of enchant armour {unknown}
 v - a scroll of fear {unknown}
Potions
 c - 2 potions of might
 f - a potion of magic {unknown}
 j - 6 potions of curing
 l - a potion of lignification {unknown}
 m - a potion of heal wounds {unknown}
 n - a potion of flight {unknown}
Comestibles
 d - 13 rations


   Skills:
 - Level 2.4 Fighting
 * Level 2.4 Dodging
 * Level 2.4 Shields
 - Level 10.6 Unarmed Combat


You had 7 spell levels left.
You didn't know any spells.
Your spell library was empty.

Dungeon Overview and Level Annotations

Branches:
Dungeon (5/15)
 Temple: D:4-7

Altars:
Ashenzari
Dithmenos
Sif Muna
Wu Jian
Xom


Innate Abilities, Weirdness & Mutations

You are too large for most types of armour.
You have claws for hands.
Your metabolism is lightning-fast.
You like to eat raw meat.
Your natural rate of healing is unusually fast.
You are covered in fur. (AC +1)
You have extremely tough skin. (AC +3)


Message History

The gnoll hits you.
* * * LOW HITPOINT WARNING * * *
The gnoll hits you with a +0 club.
* * * LOW HITPOINT WARNING * * *
The gnoll sergeant hits you from afar with a +2 spear of chaos!
* * * LOW HITPOINT WARNING * * *
The gnoll hits you but does no damage.
The gnoll sergeant hits you but does no damage.
The gnoll hits you with a +0 club.
* * * LOW HITPOINT WARNING * * *
The gnoll hits you but does no damage.
The crimson imp shouts!
The gnoll sergeant hits you but does no damage.
The gnoll hits you with a +0 club.
* * * LOW HITPOINT WARNING * * *
The gnoll hits you but does no damage.
The gnoll sergeant hits you from afar with a +2 spear of chaos!
* * * LOW HITPOINT WARNING * * *
The gnoll sergeant freezes you.
You die...

#..≈≈#8.###.###.8#≈≈........
#..≈≈#...........#≈≈...#####
#..≈≈###.##'##.###≈≈...#
#..≈≈..#.#P.P#.#..≈≈...#
#.≈≈.##.'...'.##.≈≈...#
#.≈≈.#..#.gg#.©#.≈≈...#
#(≈≈.##.##g##.##.≈≈.#####
#.≈≈..#.#PgP#.#.........###
#.≈≈.©#.')g@(.#©5...#.....##
##.≈≈..#.#8⌠8#.#.....##.##...
#..≈≈.##.#####.##.≈≈.##.....#
#..≈≈.#.$#.:.#..#.≈≈......#..
#..≈≈.##.#...#.##.≈≈..######.
#..≈≈§.#.#...#.#..≈≈..# #
#..≈≈###.##'##.###≈≈..#
#..≈≈#...........#≈≈..#
#..≈≈#8.###.###.8#≈≈.##


You could see a gnoll sergeant, 3 gnolls and a crimson imp.

Vanquished Creatures
  The ghost of CelticWarrior the Slasher, a novice GrMo of Gozag (D:5)
  A water moccasin (D:5)
  2 ogres
  A centaur (D:5)
  2 scorpions
  A howler monkey (D:4)
  2 crimson imps (D:5)
  A quasit (D:5)
  2 bullfrog skeletons
  A centaur zombie (D:5)
  A gnoll shaman (D:5)
  An orc priest (D:4)
  2 orc wizards (D:4)
  2 centaur skeletons
  A worker ant (D:4)
  3 gnolls (D:5)
  A howler monkey skeleton (D:5)
  A worker ant zombie (D:5)
  7 adders
  3 adder skeletons (D:4)
  3 worms
  4 leopard geckos
  6 orcs
  3 giant cockroaches
  5 goblins (D:1)
  6 hobgoblins
  9 jackals
  6 kobolds
  A quokka (D:3)
  3 ball pythons
  9 bats
  2 frilled lizards
  A leopard gecko skeleton (D:4)
  5 rats
99 creatures vanquished.

Vanquished Creatures (others)
  2 plants (D:5)
2 creatures vanquished.

Grand Total: 101 creatures vanquished

Notes
Turn   | Place    | Note
-------+----------+-------------------------------------------
     0 | D:1      | Dantiko the Troll Fighter began the quest for the Orb.
     0 | D:1      | Reached XP level 1. HP: 22/22 MP: 0/0
   214 | D:1      | Reached XP level 2. HP: 29/29 MP: 1/1
   524 | D:1      | Reached skill level 3 in Unarmed Combat
   668 | D:2      | Found a deep blue altar of Sif Muna.
   669 | D:2      | Found a shimmering altar of Xom.
   801 | D:2      | Reached XP level 3. HP: 35/36 MP: 2/2
   954 | D:2      | Reached skill level 4 in Unarmed Combat
   963 | D:2      | Found an ornate altar of the Wu Jian Council.
  1254 | D:3      | Found a shadowy altar of Dithmenos.
  1272 | D:3      | Reached XP level 4. HP: 43/44 MP: 3/3
  1426 | D:3      | Reached skill level 5 in Unarmed Combat
  1805 | D:3      | Reached XP level 5. HP: 47/50 MP: 4/4
  2236 | D:4      | Reached skill level 6 in Unarmed Combat
  2253 | D:4      | Reached XP level 6. HP: 59/59 MP: 5/5
  2293 | D:4      | Got a twisted robe
  2349 | D:4      | Identified the +0 robe "Iheniaf" {-Cast Int+3 Dex+4} (You
                  | found it on level 4 of the Dungeon)
  2477 | D:4      | HP: 1/59 [ogre/+0 giant spiked club (19)]
  2479 | D:4      | Reached skill level 7 in Unarmed Combat
  2663 | D:4      | Found a shattered altar of Ashenzari.
  2766 | D:5      | Entered Level 5 of the Dungeon
  2772 | D:5      | Noticed a water moccasin
  2780 | D:5      | Killed a water moccasin
  2780 | D:5      | Reached skill level 8 in Unarmed Combat
  2780 | D:5      | Reached XP level 7. HP: 41/66 MP: 6/6
  2903 | D:5      | Reached skill level 9 in Unarmed Combat
  3020 | D:5      | Reached XP level 8. HP: 69/74 MP: 7/7
  3049 | D:5      | Identified the +0 ring mail of Elyvilon's Wrath {rN++}
  3077 | D:5      | Found a transporter.
  3077 | D:5      | Found a transporter.
  3092 | D:5      | Identified the ring of Aptani {MP+9 Slay+2}
  3107 | D:5      | Noticed CelticWarrior's ghost (novice GrMo)
  3110 | D:5      | HP: 2/74 [CelticWarrior's ghost (11)]
  3135 | D:5      | HP: 2/74 [gnoll sergeant/+2 spear of chaos (2)]
  3261 | D:5      | Killed CelticWarrior's ghost
  3261 | D:5      | Reached skill level 10 in Unarmed Combat
  3306 | D:5      | HP: 1/74 [gnoll sergeant/+2 spear of chaos (4)]
  3306 | D:5      | Slain by a gnoll sergeant

Vault maps used:
D:1:      eino_arrival_cavern_c
D:2:      overflow_temple_1_default, grunt_temple_overflow_open
D:3:      nicolae_overflow_crystal_walls
D:4:      first_ration, minmay_statues_item, dk_vineyard_1,
          cheibrodos_ashenzari_chains
D:5:      gammafunk_ghost_gnarly_gnolls, st_stairs_8

Skill      XL: |  1  2  3  4  5  6  7  8 |
---------------+-------------------------+-----
Unarmed Combat | 3 4 5 6 8 9 10 | 10.6
Fighting       | |  2.4
Dodging        | |  2.4
Shields        | |  2.4

Action                   |  1- 3 |  4- 6 |  7- 9 || total
-------------------------+-------+-------+-------++-------
Melee: Unarmed           |   109 |   122 |    68 ||   299
Throw: Tomahawk          |       |       |     1 ||     1
  Use: Scroll            |       |     1 |     1 ||     2
       Potion            |       |       |     1 ||     1
  Eat: Chunk             |    17 |    14 |     1 ||    32
Armor: Robe              |    37 |    23 |    34 ||    94
Dodge: Dodged            |    39 |    30 |    37 ||   106
Block: Shield            |    41 |    50 |    37 ||   128

Table legend:
 A = Non-vault XP
 B = Vault XP
 C = Vault XP percentage of total XP
 D = Non-vault monster count
 E = Vault monster count
 F = Vault count percentage of total count
                 A         B        C        D         E       F
            +---------+---------+-------+---------+---------+-------
      Total |    1440 |     613 |  29.9 |      92 |       7 |   7.1
            +---------+---------+-------+---------+---------+-------
        D:1 |      28 |       0 |   0.0 |      15 |       0 |   0.0
        D:2 |      42 |       0 |   0.0 |      18 |       0 |   0.0
        D:3 |     137 |       0 |   0.0 |      28 |       0 |   0.0
        D:4 |     503 |       0 |   0.0 |      17 |       0 |   0.0
        D:5 |     730 |     613 |  45.6 |      14 |       7 |  33.3
            +---------+---------+-------+---------+---------+-------
